 Dungeon Crawl Stone Soup version 0.31-a0-175-g9f7f995f2b (webtiles) character file.

Game seed: 7190921122909410290

48140 inmateoo the Cleaver (level 14, -3/111 HPs)
             Began as a Demonspawn Gladiator on June 17, 2023.
             Was a High Priest of Okawaru.
             Engulfed by a bog body's freezing vapour (7 damage)
             ... on level 3 of the Lair of Beasts.
             The game lasted 00:19:11 (16019 turns).

inmateoo the Cleaver (Demonspawn Gladiator)        Turns: 16019, Time: 00:19:11

Health: -3/111     AC: 28    Str: 19    XL:     14   Next: 11%
Magic:  21/21      EV: 10    Int: 11    God:    Okawaru [*****.]
Gold:   660        SH:  4    Dex: 16    Spells: 13/13 levels left

rFire   . . .        D - +4 broad axe (freeze)
rCold   . . .        (no shield)
rNeg    . . .        v - +0 plate armour
rPois   +            I - +2 hat {SInv}
rElec   +            A - +1 cloak {Will+}
rCorr   .            (gloves unavailable)
SInv    +            r - +1 pair of boots "Xyfealen" {rElec rPois Int+2}
Will    ++...        j - amulet of regeneration Stlth
                     (no ring)
HPRegen 1.18/turn    (no ring)
MPRegen 0.17/turn

%: no passive effects
@: very slow
A: yellow scales 2, icemail 1, spiny 1, condensation shield, corrupting presence
1, demonic touch 3
a: Renounce Religion, Heroism, Finesse, Duel


You were on level 3 of the Lair of Beasts.
You worshipped Okawaru.
Okawaru was extremely pleased with you.
You visited 4 branches of the dungeon, and saw 19 of its levels.
You also visited: Ossuary and Gauntlet.

You collected 1199 gold pieces.
You spent 539 gold pieces at shops.

Inventory:

Hand Weapons
 D - a +4 broad axe of freezing (weapon)
 K - the +4 war axe of Prudence {heavy, rN+ Int+3 Dex-4}
   (Okawaru gifted it to you on level 12 of the Dungeon)

   Int:       It affects your intelligence (+3).
   Dex:       It affects your dexterity (-4).
   rN:        It protects you from negative energy.
Missiles
 d - 4 throwing nets (quivered)
 e - 6 javelins
 C - 5 silver javelins
Armour
 r - the +1 pair of boots "Xyfealen" (worn) {rElec rPois Int+2}
   (You found it in a Gauntlet)

   Int:       It affects your intelligence (+2).
   rElec:     It insulates you from electricity.
   rPois:     It protects you from poison.
 v - a +0 plate armour (worn)
 A - a +1 cloak of willpower (worn)
 I - a +2 hat of see invisible (worn)
Magical Staves
 F - the staff of conjuration "Gaugufa" {Fly rF+++ Will- Int+2}
   (You found it in a Gauntlet)

   [staff of conjuration]

   Base accuracy: +5 Base damage: 5 Base attack delay: 1.2 This weapon's minimum
   attack delay (0.6) is reached at skill level 12.
   Int:       It affects your intelligence (+2).
   rF:        It renders you almost immune to fire.
   Fly:       It grants you flight.
   Will:      It decreases your willpower.
   It falls into the 'Staves' category.
   It is a one-handed weapon.
Jewellery
 j - an amulet of regeneration (around neck)
 L - an amulet of faith
Wands
 a - a wand of acid (36)
 p - a wand of polymorph (7)
 x - a wand of paralysis (18)
 y - a wand of roots (10)
 B - a wand of mindburst (10)
 H - a wand of flame (9)
Scrolls
 b - a scroll of fog
 n - 5 scrolls of teleportation
 q - 2 scrolls of fear
 u - 3 scrolls of enchant armour
 w - a scroll of revelation
 z - 2 scrolls of blinking
 E - 5 scrolls of identify
 G - a scroll of brand weapon
Potions
 c - 4 potions of haste
 f - a potion of curing
 g - 3 potions of mutation
 h - 3 potions of resistance
 i - 2 potions of enlightenment
 k - 4 potions of attraction
 l - 2 potions of magic
 m - 2 potions of lignification
 o - a potion of berserk rage
 s - a potion of cancellation
 t - 4 potions of brilliance
 J - 3 potions of heal wounds


   Skills:
 + Level 10.7 Fighting
 - Level 3.1 Long Blades
 * Level 13.3 Axes
 - Level 1.7 Throwing
 + Level 9.6 Armour
 + Level 10.0 Dodging
 + Level 5.0 Shields
 - Level 10.0 Invocations


You had 13 spell levels left.
You didn't know any spells.
Your spell library contained the following spells:

 Spells                   Type           Power      Damage    Failure   Level
 Apportation              Tloc           0%         N/A       100%        1
 Magic Dart               Conj           0%         1d3       100%        1
 Necrotise                Necr           0%         1d4       100%        1
 Cigotuvi's Dreadful Rot  Necr/Pois/Air  0%         N/A       100%        2
 Ignite Poison            Fire/Tmut/Pois 0%         N/A       100%        3
 Mephitic Cloud           Conj/Pois/Air  0%         N/A       100%        3
 Vampiric Draining        Necr           0%         2d6       100%        3
 Cause Fear               Hex            0%         N/A       100%        4
 Dispel Undead            Necr           0%         3d6       100%        4
 Agony                    Necr           0%         N/A       100%        5
 Alistair's Intoxication  Tmut/Pois      0%         N/A       100%        5
 Blade Hands              Tmut           0%         N/A       100%        5
 Freezing Cloud           Conj/Ice/Air   0%         6-21      100%        5
 Irradiate                Conj/Tmut      0%         3d11      100%        5
 Dragon Form              Tmut           0%         N/A       100%        7
 Summon Small Mammal      Summ           Unusable   N/A       N/A         1
 Call Imp                 Summ           Unusable   N/A       N/A         2
 Death Channel            Necr           Unusable   N/A       N/A         6
 Dragon's Call            Summ           Unusable   N/A       N/A         9

Dungeon Overview and Level Annotations

Branches:
Dungeon (14/15)            Temple (1/1) D:6            Lair (3/5) D:10
  Swamp (0/4) Lair:3        Snake (0/4) Lair:3          Orc (1/2) D:11
Ossuary (visited)         Gauntlet (visited)
 Vaults: D:13-14

Altars:
Ashenzari
Cheibriados
Dithmenos
Fedhas
Hepliaklqana
Kikubaaqudgha
Makhleb
Nemelex Xobeh
Okawaru
Qazlal
Ru
Sif Muna
Trog
Uskayaw
Vehumet
Wu Jian
Xom
Yredelemnul

Shops:
D:1 (=**   D:4 [*!   D:5 ?   D:11 (

Annotations:
D:9 1 runed translucent door


Innate Abilities, Weirdness & Mutations

You are mostly covered in yellow scales. (AC +3)
A meltable icy envelope protects you from harm. (AC +4)
You are partially covered in sharp spines.
A meltable shield of frost defends you. (SH +4)
Your presence sometimes corrodes those you injure.
Your touch may irresistibly damage your foes and sap their willpower.


Message History

A bog body and an electric eel come into view.
You hear a howl! x2
The bog body casts a spell at you. The bolt of cold hits you!!!
You hit the bog body.
You touch the bog body!
You sap its willpower!
The bog body is heavily damaged.
The bog body is struck by your spines.
The bog body touches you but does no damage.
You hit the bog body. You freeze the bog body.
You touch the bog body!
You sap its willpower!
The bog body is almost destroyed.
The bog body gestures at you while chanting.
The bolt of cold hits you.
You hear a howl!
You slash the bog body!
You destroy the bog body!
Okawaru accepts your kill. Okawaru grants you a weapon!
Something appears at your feet!
You see here the +7 battleaxe of the Dungeon {flame, +Blink Str+3 Stlth+}.
You closely miss the bog body.
The electric eel shoots out a bolt of lightning at you!
The bolt of electricity hits you. You resist. You block the bog body's attack.
Your Dodging skill increases to level 10!
You enter the shallow water.
Moving in this stuff is going to be slow.
Your unstable footing causes you to fumble your attack.
The bog body casts a spell at you. The bolt of cold hits you!!
Your unstable footing causes you to fumble your attack.
You are engulfed in freezing vapours.
* * * LOW HITPOINT WARNING * * *
The bog body touches you!
* * * LOW HITPOINT WARNING * * *
The bog body freezes you!
* * * LOW HITPOINT WARNING * * *
You slash the bog body! You freeze the bog body.
The bog body is heavily damaged.
You are engulfed in freezing vapours.
You die...

........................####P....
....>..[.........).......^.......
.................................
.................#P.......#......
...#.#.........####....#.##....#.
....#..........♣ #........#....#
...#.#........♣♣ ♣♣♣♣..........#
...##.....♣♣♣♣♣♣♣♣♣♣♣♣♣♣♣♣♣....#.
.........♣♣§≈~≈♣@~~~~~≈~~≈♣♣♣....
.........♣♣§§..♣n............⌠...
.........♣♣§§§†).♣.♣.♣.♣.....⌠...
....##...♣♣§§S♣~♣≈~~~~♣~≈≈♣♣♣....
....###..#♣♣♣ ♣♣♣♣♣♣♣♣♣♣♣♣♣......
.....##†.P♣ ♣...........
...#.##..## ##....#.....
.......... ##..###....
..##.###### #### #####


You could see a bog body.

Vanquished Creatures
  Gastronok (D:10)
  A minotaur (Gauntlet)
  3 centaur warriors (D:13)
  8 two-headed ogres
  3 boulder beetles (D:13)
  A death yak (D:10)
  Amaemon (Lair:1)
  A death drake (Gauntlet)
  A skyshark (Lair:2)
  6 skeletal warriors
  4 bog bodies (Lair:3)
  4 deep elf pyromancers (D:13)
  An ugly thing (D:13)
  A wolf spider zombie (Gauntlet)
  4 manticores
  3 elephants (Lair:3)
  A spectral centaur (Gauntlet)
  2 cyclopes
  6 black mambas
  4 cane toads
  Maurice (Orc:1)
  2 gargoyles
  A rime drake (Lair:3)
  An orange demon (Lair:1)
  8 komodo dragons
  2 kobold demonologists (D:11)
  An unseen horror (D:10)
  A minotaur zombie (Gauntlet)
  2 efreet
  3 trolls (D:13)
  3 meliai (Gauntlet)
  A polar bear (Lair:2)
  A hornet (D:7)
  8 blink frogs
  2 slime creatures (Gauntlet)
  Sigmund (D:4)
  2 wyverns (D:10)
  32 yaks
  3 shadows
  2 basilisks
  4 vampire mosquitoes
  Menkaure (D:4)
  14 water moccasins
  3 orc warriors
  6 black bears
  3 ice beasts
  An ogre (D:6)
  A boggart (D:14)
  8 wolves
  5 centaurs
  A phantom (D:7)
  2 elf zombies (Ossuary)
  3 scorpions
  5 bullfrogs
  5 kobold brigands (D:11)
  A gnoll sergeant (D:9)
  8 wights (D:7)
  A howler monkey (D:11)
  3 centaur zombies
  2 gnoll boudas
  2 hounds
  7 orc priests
  Crazy Yiuf (D:4)
  3 jellies (Gauntlet)
  4 human zombies (Ossuary)
  A sleepcap (D:8)
  Ijyb (D:3)
  A boggart zombie (Gauntlet)
  4 iguanas
  11 orc wizards
  A human skeleton (D:9)
  3 mummies (Ossuary)
  Robin (D:3)
  14 gnolls
  5 adders
  2 shadow imps
  4 adder zombies (Ossuary)
  3 worms
  A dart slug (D:2)
  44 orcs
  4 bats
  9 endoplasms
  5 giant cockroaches
  A gnoll zombie (Ossuary)
  10 hobgoblins
  18 jackals
  11 kobolds
  3 quokkas
  8 ball pythons
  2 frilled lizards
  6 goblins
  5 goblin zombies (Ossuary)
  6 hobgoblin zombies (Ossuary)
  5 jackal zombies (Ossuary)
  A kobold zombie (Ossuary)
  An orc zombie (Ossuary)
  2 quokka zombies (Ossuary)
  6 rats
  2 rat zombies (Ossuary)
428 creatures vanquished.

Vanquished Creatures (others)
  A bat (D:2)
1 creature vanquished.

Grand Total: 429 creatures vanquished

Notes
Turn   | Place    | Note
-------+----------+-------------------------------------------
     0 | D:1      | inmateoo the Demonspawn Gladiator began the quest for the
                  | Orb.
     0 | D:1      | Reached XP level 1. HP: 16/16 MP: 1/1
   180 | D:1      | Gained mutation: You are partially covered in yellow
                  | scales. (AC +2) [demonic ancestry]
   180 | D:1      | Reached XP level 2. HP: 13/22 MP: 2/2
   235 | D:1      | Found Jumampei's General Store.
   238 | D:1      | Bought a scroll of identify for 20 gold pieces
   283 | D:1      | Found Jaaxo's Assorted Antiques.
   295 | D:1      | Bought a scroll labelled MALENUQ ANA for 27 gold pieces
   300 | D:1      | Found Cuyqusk's Jewellery Emporium.
   715 | D:1      | Found Zuser's Weapon Shoppe.
   914 | D:2      | Reached XP level 3. HP: 27/28 MP: 3/3
   957 | D:2      | Reached skill level 1 in Armour
   996 | D:2      | Found a faded altar of an unknown god.
  1722 | D:3      | Reached skill level 1 in Axes
  1724 | D:3      | Noticed Robin
  1736 | D:3      | Reached XP level 4. HP: 28/34 MP: 4/4
  1744 | D:3      | Killed Robin
  1923 | D:3      | Noticed Ijyb
  1953 | D:3      | Paralysed by Ijyb for 3 turns
  1961 | D:3      | Paralysed by Ijyb for 3 turns
  1968 | D:3      | Paralysed by Ijyb for 2 turns
  1976 | D:3      | Paralysed by Ijyb for 5 turns
  1982 | D:3      | Killed Ijyb
  1999 | D:3      | Reached skill level 2 in Axes
  1999 | D:3      | Gained mutation: Your touch may inflict minor irresistible
                  | damage on your foes. [demonic ancestry]
  1999 | D:3      | Reached XP level 5. HP: 39/41 MP: 5/5
  2052 | D:3      | Found a hide-covered altar of Uskayaw.
  2398 | D:4      | Found Iphievuu's General Store.
  2464 | D:4      | Found Perch's Distillery.
  2618 | D:4      | Noticed Menkaure
  2631 | D:4      | Killed Menkaure
  2632 | D:4      | Gained mutation: You are mostly covered in yellow scales.
                  | (AC +3) [demonic ancestry]
  2632 | D:4      | Reached XP level 6. HP: 29/47 MP: 6/6
  2733 | D:4      | Reached skill level 3 in Axes
  3049 | D:4      | Noticed Sigmund
  3055 | D:4      | Killed Sigmund
  3056 | D:4      | Reached skill level 4 in Axes
  3056 | D:4      | Reached XP level 7. HP: 49/54 MP: 7/7
  3174 | D:4      | Found Limept's Armour Boutique.
  3297 | D:4      | Found a runed translucent door.
  3298 | D:4      | Noticed Crazy Yiuf
  3578 | D:4      | Killed Crazy Yiuf
  3693 | D:5      | Entered Level 5 of the Dungeon
  3742 | D:5      | Gained mutation: A meltable shield of frost defends you.
                  | (SH +4) [demonic ancestry]
  3742 | D:5      | Reached XP level 8. HP: 33/61 MP: 8/8
  3773 | D:5      | Found a radiant altar of Vehumet.
  3892 | D:5      | Reached skill level 5 in Axes
  4280 | D:5      | Found a bloodstained altar of Trog.
  4321 | D:5      | Found Ixubribb's Magic Scroll Shop.
  4395 | D:6      | Reached skill level 5 in Dodging
  4630 | D:6      | Found a staircase to the Ecumenical Temple.
  4647 | D:6      | Reached skill level 5 in Fighting
  4656 | Temple   | Entered the Ecumenical Temple
  4754 | Temple   | Became a worshipper of Warmaster Okawaru
  5450 | D:7      | Found an ancient bone altar of Kikubaaqudgha.
  5469 | D:7      | Reached skill level 6 in Axes
  5469 | D:7      | Reached skill level 1 in Invocations
  5470 | D:7      | Noticed a hornet
  5475 | D:7      | Paralysed by a hornet for 2 turns
  5482 | D:7      | Killed a hornet
  5499 | D:7      | Identified the +8 battleaxe "Hougelim" {freeze, rPois rF-
                  | rN+++ Dex-4}
  5513 | D:7      | Gained mutation: Your touch may inflict irresistible damage
                  | on your foes. [demonic ancestry]
  5513 | D:7      | Reached XP level 9. HP: 68/68 MP: 10/10
  5835 | D:7      | Reached * piety under Okawaru
  6321 | D:8      | Noticed a two-headed ogre
  6326 | D:8      | Killed a two-headed ogre
  6326 | D:8      | Reached ** piety under Okawaru
  6327 | D:8      | Reached skill level 7 in Axes
  6327 | D:8      | Reached skill level 5 in Armour
  6585 | D:8      | Found a sand-covered staircase.
  6594 | Ossuary  | Entered an ossuary
  6806 | Ossuary  | Gained mutation: You are partially covered in sharp spines.
                  | [demonic ancestry]
  6806 | Ossuary  | Reached XP level 10. HP: 73/77 MP: 13/13
  7004 | D:8      | Found a stormy altar of Qazlal.
  7496 | D:1      | Bought a +3 broad axe of freezing for 290 gold pieces
  7542 | D:1      | Bought a pair of runed boots for 202 gold pieces
  7730 | D:9      | Found a runed translucent door.
  7732 | D:9      | Found a basalt altar of Yredelemnul.
  7809 | D:9      | Reached *** piety under Okawaru
  7810 | D:9      | Reached skill level 5 in Invocations
  8067 | D:9      | Reached skill level 8 in Axes
  8524 | D:10     | Entered Level 10 of the Dungeon
  8583 | D:10     | Noticed a two-headed ogre
  8588 | D:10     | Killed a two-headed ogre
  8627 | D:10     | Reached **** piety under Okawaru
  8629 | D:10     | Received a gift from Okawaru
  8692 | D:10     | Noticed a two-headed ogre
  8698 | D:10     | Killed a two-headed ogre
  8699 | D:10     | Reached skill level 9 in Axes
  8816 | D:10     | Noticed a death yak
  8816 | D:10     | Found a staircase to the Lair.
  8828 | D:10     | Killed a death yak
  8828 | D:10     | Reached ***** piety under Okawaru
  8829 | D:10     | Reached XP level 11. HP: 30/84 MP: 14/16
  8929 | D:10     | Noticed Gastronok
  8953 | D:10     | Killed Gastronok
  9344 | D:11     | Found Viptuduwk's Weapon Emporium.
  9353 | D:11     | Found a staircase to the Orcish Mines.
  9427 | D:11     | Noticed a two-headed ogre
  9435 | D:11     | Killed a two-headed ogre
  9543 | D:11     | Reached skill level 10 in Axes
  9771 | D:11     | Received a gift from Okawaru
 10020 | D:12     | Identified the +4 war axe of Prudence {heavy, rN+ Int+3
                  | Dex-4} (Okawaru gifted it to you on level 12 of the
                  | Dungeon)
 10020 | D:12     | Received a gift from Okawaru
 10083 | D:12     | Noticed a two-headed ogre
 10096 | D:12     | Killed a two-headed ogre
 10228 | D:12     | Noticed a skeletal warrior
 10229 | D:12     | Noticed a skeletal warrior
 10238 | D:12     | Noticed a skeletal warrior
 10238 | D:12     | Noticed a skeletal warrior
 10239 | D:12     | Noticed a skeletal warrior
 10239 | D:12     | Killed a skeletal warrior
 10241 | D:12     | Killed a skeletal warrior
 10335 | D:12     | Killed a skeletal warrior
 10336 | D:12     | Gained mutation: Your presence sometimes corrodes those you
                  | injure. [demonic ancestry]
 10336 | D:12     | Reached XP level 12. HP: 70/94 MP: 18/18
 10526 | D:12     | Reached ****** piety under Okawaru
 10667 | D:12     | Noticed a two-headed ogre
 10673 | D:12     | Killed a two-headed ogre
 10673 | D:12     | Identified the +11 executioner's axe of Tartarus {pain,
                  | Will+} (Okawaru gifted it to you on level 12 of the
                  | Dungeon)
 10673 | D:12     | Received a gift from Okawaru
 10674 | D:12     | Reached skill level 11 in Axes
 10900 | D:13     | Noticed a two-headed ogre
 10908 | D:13     | Killed a two-headed ogre
 11048 | D:13     | Noticed a boulder beetle
 11070 | D:13     | Killed a boulder beetle
 11209 | D:13     | HP: 1/142 [white ugly thing (15)]
 11211 | D:13     | Reached skill level 1 in Shields
 11294 | D:13     | Noticed a boulder beetle
 11306 | D:13     | Killed a boulder beetle
 11335 | D:13     | Noticed a centaur warrior
 11347 | D:13     | Killed a centaur warrior
 11359 | D:13     | Noticed a centaur warrior
 11369 | D:13     | Noticed a centaur warrior
 11382 | D:13     | Killed a centaur warrior
 11382 | D:13     | Identified the +0 ring mail "Xaidghoi" {Fly Str+4 Slay+2}
                  | (Okawaru gifted it to you on level 13 of the Dungeon)
 11382 | D:13     | Received a gift from Okawaru
 11383 | D:13     | Killed a centaur warrior
 11564 | D:13     | Noticed a boulder beetle
 11703 | D:13     | Killed a boulder beetle
 11704 | D:13     | Reached skill level 10 in Invocations
 11842 | D:13     | Noticed a boulder beetle
 11843 | D:13     | Noticed a centaur warrior
 11843 | D:13     | Noticed a boulder beetle
 11843 | D:13     | Noticed a seven-headed hydra
 11844 | D:13     | Noticed a boulder beetle
 11845 | D:13     | Noticed a boulder beetle
 11853 | D:14     | Noticed a centaur warrior
 11856 | D:14     | Noticed a centaur warrior
 12100 | D:13     | Noticed a two-headed ogre
 12108 | D:13     | Killed a two-headed ogre
 12109 | D:13     | Gained mutation: Your touch may irresistibly damage your
                  | foes and sap their willpower. [demonic ancestry]
 12109 | D:13     | Reached XP level 13. HP: 96/102 MP: 20/20
 12307 | D:13     | Reached skill level 12 in Axes
 12486 | Orc:1    | Entered Level 1 of the Orcish Mines
 12486 | Orc:1    | Noticed Maurice
 12495 | Orc:1    | Killed Maurice
 12675 | Lair:1   | Entered Level 1 of the Lair of Beasts
 12721 | Lair:1   | Found a gate leading to a gauntlet.
 12731 | Gauntlet | Entered a Gauntlet
 12731 | Gauntlet | Found a transporter.
 12731 | Gauntlet | Found a transporter.
 12731 | Gauntlet | Found a transporter.
 12732 | Gauntlet | Found a transporter.
 12735 | Gauntlet | Found a transporter.
 12735 | Gauntlet | Found a transporter.
 12747 | Gauntlet | Found a transporter.
 12749 | Gauntlet | Found a transporter.
 12759 | Gauntlet | Found a transporter.
 12860 | Gauntlet | Found a transporter.
 12864 | Gauntlet | Found a transporter.
 12876 | Gauntlet | Found a transporter.
 12956 | Gauntlet | Identified the +2 triple sword "Laediw" {venom, rPois rF++
                  | Int+3} (Okawaru gifted it to you in a Gauntlet)
 12956 | Gauntlet | Received a gift from Okawaru
 13041 | Gauntlet | HP: 6/154 [death drake/foul vapour (3)]
 13044 | Gauntlet | HP: 2/154 [poisoned by a death drake (dark miasma)]
 13098 | Gauntlet | Identified the +1 robe "Dezxeo" {rElec rPois Regen+ Int-3}
 13127 | Gauntlet | Reached skill level 10 in Fighting
 13136 | Gauntlet | Identified the +1 pair of boots "Xyfealen" {rElec rPois
                  | Int+2}
 13168 | Gauntlet | Noticed a minotaur
 13180 | Gauntlet | Killed a minotaur
 13185 | Gauntlet | Identified the staff of conjuration "Gaugufa" {Fly rF+++
                  | Will- Int+2}
 13208 | Gauntlet | Found the dreamshard necklace {Acrobat *Dream}
 13346 | Lair:1   | Noticed Amaemon
 13361 | Lair:1   | Killed Amaemon
 14238 | Lair:2   | Identified the +10 demon trident of the Valley of Death
                  | {venom, Drain +Blink rF+++ Dex-5} (Okawaru gifted it to you
                  | on level 2 of the Lair of Beasts)
 14238 | Lair:2   | Received a gift from Okawaru
 15079 | Lair:3   | Reached skill level 13 in Axes
 15234 | Lair:3   | Received a gift from Okawaru
 15323 | Lair:3   | Gained mutation: A meltable icy envelope protects you from
                  | harm. (AC +4) [demonic ancestry]
 15323 | Lair:3   | Reached XP level 14. HP: 38/111 MP: 21/21
 15704 | Lair:3   | Reached skill level 5 in Shields
 15729 | Lair:3   | Found a staircase to the Snake Pit.
 16007 | Lair:3   | Found a staircase to the Swamp.
 16014 | Lair:3   | Identified the +7 battleaxe of the Dungeon {flame, +Blink
                  | Str+3 Stlth+} (Okawaru gifted it to you on level 3 of the
                  | Lair of Beasts)
 16014 | Lair:3   | Received a gift from Okawaru
 16015 | Lair:3   | Reached skill level 10 in Dodging
 16018 | Lair:3   | HP: 4/111 [bog body (17)]
 16019 | Lair:3   | Engulfed by a bog body's freezing vapour

Illustrated notes

Levels and vault maps discovered:
D:1:      elethiomel_arrival_fortress_basement, layout_loops_ring, serial_shops,
          shop, nicolae_shop_tiny_waterfront, nicolae_shop_back_alley_shop,
          nicolae_shop_behind_doors, nicolae_the_louvre
D:2:      layout_basic, shapermc_ecumenical_altar_notcrosses
D:3:      layout_loops_ring, eat_drink_and_be_merry_uskayaw,
          minmay_misc_feat_doors, kennysheep_path_1,
          ebering_dispersal_statue_hall, uniq_ijyb, uniq_robin
D:4:      kennysheep_six_static_rooms, layout_gridville, serial_shops, shop,
          nicolae_shop_real_fake_doors, nicolae_shop_hallway_stairs,
          mrwooster_statue_mirror, uniq_sigmund, uniq_menkaure,
          uniq_crazy_yiuf_cottage
D:5:      layout_rooms, amcnicky_altar_gilded, lightli_temple_of_fire,
          nicolae_take_the_stairs
D:6:      layout_basic, minmay_temple_entry_stoned_glass, grunt_ministairs_7,
          glass_columns_c
D:7:      layout_loops_ring, kiku_gazebo_garden_becter,
          hangedman_abyss_or_decor_lesser_grid, kennysheep_small_square
D:8:      layout_basic, grunt_qazlal_sundering, nicolae_ossuary_entry_plus
D:9:      layout_stronghold, dk_yredelemnul_ordeal
D:10:     layout_irregular_city, david_lair_generic, uniq_gastronok
D:11:     layout_irregular_city, orc_david_3, nrook_loot_triangle,
          corexii_corridor_pit
D:12:     layout_irregular_city
D:13:     nzn_winding_woodlands_cross [nzn_winding_woodlands_5x15_default,
          nzn_winding_woodlands_5x15_river_crossing,
          nzn_winding_woodlands_5x15_default,
          nzn_winding_woodlands_5x15_pathside_ponds,
          nzn_winding_woodlands_15x15_killbox], layout_basic, minivault_28
D:14:     layout_rooms, ximxim_vaults_locker_room, roderic_three_in_a_row,
          nicolae_concentric_dashed_squares_mild, nicolae_diode_intersection
Temple:   eino_temple_rhombus
Lair:1:   layout_cave_pods, gauntlet_entry_generic, grunt_megastairs_1,
          uniq_amaemon
Lair:2:   layout_cellular_growth, minmay_stone_trees_medium,
          serial_bayou_pond_c, infiniplex_staircase_pool_2, lemuel_fruit_fields
Lair:3:   layout_small_grid, nicolae_swamp_entry_splash_gauntlet,
          minmay_snake_entry_six_corridors, grunt_forest_small_clearing_treed
Orc:1:    layout_diamond_mine, special_room [special_room_orc],
          nicolae_orc_crystal_geode, uniq_maurice

Skill      XL: |  1  2  3  4  5  6  7  8  9 10 11 12 13 14 |
---------------+-------------------------------------------+-----
Long Blades    | 3 |  3.1
Dodging        | 3 4 5 6 7 8 9 10 | 10.0
Armour         | 1 2 3 4 5 6 7 8 9 |  9.6
Axes           | 1 2 4 6 7 9 10 11 13 | 13.3
Fighting       | 3 4 5 6 7 8 9 10 | 10.7
Invocations    | 2 4 6 8 10 | 10.0
Shields        | 2 4 5 |  5.0
Throwing       | |  1.7

Action                     |  1- 3 |  4- 6 |  7- 9 | 10-12 | 13-15 || total
---------------------------+-------+-------+-------+-------+-------++-------
  Melee: Long sword        |   123 |   150 |   107 |       |       ||   380
         Punch             |       |     3 |     7 |     4 |     6 ||    20
         Touch             |       |    14 |    57 |    69 |    60 ||   200
         Unarmed           |       |    10 |       |       |       ||    10
         War axe           |       |       |   210 |     3 |       ||   213
         Broad axe         |       |       |       |   344 |   284 ||   628
  Throw: Throwing net      |       |       |     1 |       |     1 ||     2
 Invoke: Heroism           |       |       |       |     4 |     3 ||     7
         Finesse           |       |       |       |     1 |     1 ||     2
  Evoke: Wand              |       |     1 |       |       |       ||     1
    Use: Scroll            |     7 |     2 |    10 |    11 |     3 ||    33
         Potion            |       |     1 |       |     4 |     8 ||    13
   Stab: Sleeping          |     1 |       |       |       |       ||     1
         Held in net/web   |       |       |       |       |     2 ||     2
 Armour: Leather armour    |    53 |    68 |    43 |       |       ||   164
         Skin              |       |    27 |       |       |    48 ||    75
         Plate armour      |       |       |   122 |   181 |   161 ||   464
  Dodge: Dodged            |    89 |   119 |   137 |   124 |   120 ||   589
  Block: Other             |       |       |    49 |    56 |    57 ||   162

Table legend: (Time is in decaauts)
 A = Elapsed time spent in this place.
 B = Non-inter-level travel time spent in this place.
 C = Inter-level travel time spent in this place.
 D = Time resting spent in this place.
 E = Time spent auto-exploring this place.
 F = Levels seen in this place.
 G = Mean time per level.
                   A        B        C        D        E       F      G
               +--------+--------+--------+--------+--------+-----+--------+
         Total |  16256 |  15267 |    989 |   1832 |  10162 |  21 |  774.1 |
       Dungeon |  12377 |  11489 |    888 |   1333 |   7805 |  14 |  884.1 |
        Temple |    114 |     98 |     16 |      0 |     81 |   1 |  114.0 |
          Lair |   2870 |   2797 |     73 |    370 |   1955 |   3 |  956.7 |
  Orcish Mines |    119 |    110 |      9 |     18 |     72 |   1 |  119.0 |
       Ossuary |    266 |    266 |      0 |      0 |    105 |   1 |  266.0 |
      Gauntlet |    508 |    508 |      0 |    111 |    143 |   1 |  508.0 |
               +--------+--------+--------+--------+--------+-----+--------+

Top non-repeatable levels by time:
    D:13: 1648 daAuts
     D:4: 1314 daAuts
  Lair:1: 1027 daAuts
     D:1: 1018 daAuts
  Lair:3: 1003 daAuts
     D:7: 982 daAuts
     D:9: 860 daAuts
     D:6: 856 daAuts
     D:3: 850 daAuts
  Lair:2: 839 daAuts
     D:8: 839 daAuts
    D:10: 828 daAuts
     D:2: 825 daAuts
    D:12: 808 daAuts
     D:5: 774 daAuts
